AoeStats
← Aux Anschluss

Arabia

510636119Analyzed
3v3 RM · 1d ago on Oct 1, 2026· 87m 21s· 6 players
Game mode
Random Map
Map size
Normal (6 player)
Population
200
Speed
Normal
Resources
Standard
Victory
Conquest
Starting age
Dark Age
Ending age
Imperial Age
RankedLock teamsTeams togetherTeam positionsShared explorationLock speedFull tech treeHidden civsTurbo modeCheats
Victory
Defeat
🇲🇽 Berbers · Mexico
810
+19
🇩🇰 Danes · Denmark
770
+20
🇧🇷 Vikings · Brazil
751
+21
🇦🇹 Slavs · Austria
967
-79
🇦🇹 Persians · Austria
827
-18
🇦🇹 Italians · Austria
817
-18
Sir Corsario II
6:24 Loom
12:45 Feudal Age
20:12 Castle Age
19:43 Double-Bit Axe
23:39 Bloodlines
25:42 Scale Barding Armor
26:19 Husbandry
28:44 Loom
29:34 Wheelbarrow
33:06 Chain Barding Armor
32:57 Forging
32:49 Padded Archer Armor
39:39 Imperial Age
38:31 Bow Saw
38:04 Horse Collar
38:45 Leather Archer Armor
38:56 Murder Holes
41:06 Conscription
40:36 Cavalier
41:57 Iron Casting
42:43 Chemistry
43:53 Heavy Camel Rider
45:14 Hand Cart
45:01 Heavy Plow
45:39 Maghrebi Camels
46:02 Caravan
47:26 Plate Barding Armor
47:14 Ballistics
49:12 Blast Furnace
49:28 Ring Archer Armor
48:49 Fletching
49:40 Elite Camel Archer
57:53 Heavy Scorpion
68:21 Siege Engineers
82:20 Guard Tower
87:42 Bodkin Arrow
88:02 Fortified Wall
87:37 Treadmill Crane
88:07 Masonry
87:44 Arrowslits
Like_2_win2
12:14 Feudal Age
13:41 Loom
15:28 Wheelbarrow
15:54 Town Watch
18:41 Double-Bit Axe
22:56 Castle Age
22:31 Horse Collar
25:08 Bow Saw
26:21 Fletching
27:45 Heavy Plow
29:42 Hand Cart
31:11 Forging
36:03 Gold Mining
36:49 Stone Mining
40:10 Stone Shaft Mining
42:05 Town Patrol
44:41 Imperial Age
44:38 Murder Holes
45:52 Gambesons
46:08 Squires
48:31 Bloodlines
48:43 Padded Archer Armor
50:43 Gold Shaft Mining
50:11 Husbandry
51:32 Scale Barding Armor
51:53 Masonry
53:10 Hamask
55:45 Hoardings
56:11 Elite Jomsviking
57:19 Arson
58:31 Iron Casting
59:10 Scale Mail Armor
60:15 Chemistry
61:12 Elite Varangian Guard
66:36 Blast Furnace
65:52 Chain Mail Armor
66:02 Ballistics
66:06 Leather Archer Armor
69:48 Pikeman
84:02 Conscription
85:35 Plate Mail Armor
85:41 Ring Archer Armor
86:25 Coinage
Dg
1:06 Loom
14:57 Feudal Age
17:39 Man-at-Arms
22:25 Horse Collar
28:08 Castle Age
27:10 Forging
26:48 Arson
28:54 Scale Mail Armor
29:33 Squires
32:18 Iron Casting
31:35 Fletching
31:27 Long Swordsman
32:24 Chain Mail Armor
33:11 Fletching
39:14 Imperial Age
37:31 Pikeman
40:31 Conscription
42:50 Two-Handed Swordsman
44:42 Blast Furnace
54:14 Plate Mail Armor
56:14 Bodkin Arrow
63:53 Elite Berserk
87:19 Spies/Treason
Aux Anschluss
11:22 Feudal Age
16:17 Fletching
25:24 Castle Age
23:36 Padded Archer Armor
24:10 Double-Bit Axe
25:26 Crossbowman
29:24 Bodkin Arrow
48:14 Imperial Age
50:59 Imperial Age
53:54 Leather Archer Armor
jakuf2008
14:19 Feudal Age
16:23 Horse Collar
17:24 Wheelbarrow
19:58 Man-at-Arms
25:19 Castle Age
26:27 Long Swordsman
26:35 Long Swordsman
32:13 Forging
33:45 Squires
38:37 Pikeman
47:50 Heavy Plow
50:00 Iron Casting
60:08 Scale Mail Armor
Chinese Trade Bot
6:12 Loom
8:43 Feudal Age
10:54 Double-Bit Axe
12:02 Horse Collar
15:06 Bloodlines
15:47 Scale Barding Armor
17:51 Forging
24:42 Castle Age
24:28 Gold Mining
24:31 Stone Mining
25:34 Chain Barding Armor
26:03 Husbandry
27:40 Wheelbarrow
27:53 Bow Saw
30:23 Iron Casting
32:41 Hand Cart
33:36 Fletching
36:05 Bodkin Arrow
42:34 Imperial Age
43:26 Citadels
43:37 Conscription
42:58 Cavalier
45:05 Two-Man Saw
44:56 Ballistics
45:59 Chemistry
44:54 Savar
56:48 Kamandaran
56:51 Padded Archer Armor
58:11 Crossbowman
58:56 Thumb Ring
59:08 Leather Archer Armor
61:25 Ring Archer Armor
Connection lost

Rejoining the realm…

Still unreachable

The connection could not be restored.

Session expired

The server has moved on; the page needs a fresh start.